 Dungeon Crawl Stone Soup version 0.31-a0-175-g9f7f995f2b (webtiles) character file.

Game seed: 11655541128133414962

364 qw the Shooter (level 6, -1/40 HPs)
             Began as a Gargoyle Hunter on June 16, 2023.
             Slain by a shadow imp (4 damage)
             ... summoned by Eustachio
             ... on level 3 of the Dungeon.
             The game lasted 00:01:27 (3181 turns).

qw the Shooter (Gargoyle Hunter)                    Turns: 3181, Time: 00:01:27

Health: -1/40      AC: 11    Str: 14      XL:     6   Next: 67%
Magic:  15/15      EV: 10    Int: 10      God:
Gold:   107        SH:  0    Dex: 13 (15) Spells: 5/5 levels left

rFire   . . .        Y - +0 shortbow
rCold   + . .        (shield currently unavailable)
rNeg    + + .        f - +0 ring mail
rPois   inf          (no helmet)
rElec   +            (no cloak)
rCorr   .            c - +0 pair of gloves of Vida {rC+}
SInv    .            d - +0 pair of boots
Will    .....        (no amulet)
Stlth   +            a - ring "Doumm" {rN+ MP+9}
HPRegen 0.26/turn    (no ring)
MPRegen 0.14/turn

%: no passive effects
@: no status effects
A: sickness immunity, AC +4, negative energy resistance 1, electricity
resistance, torment resistance 1, petrification resistance
a: no special abilities


You were on level 3 of the Dungeon.
You visited 1 branch of the dungeon, and saw 4 of its levels.

You collected 107 gold pieces.


Innate Abilities, Weirdness & Mutations

You are immune to sickness and miasma.
Your stone body is resilient. (AC +4)
You are immune to poison.
You resist negative energy. (rN+)
You are resistant to electric shocks. (rElec)
You are resistant to unholy torment.
You are immune to petrification.


   Skills:
 - Level 5.2 Fighting
 + Level 6.2 Ranged Weapons
 - Level 1.1 Armour
 - Level 1.5 Dodging
 - Level 1.1 Stealth


You had 5 spell levels left.
You didn't know any spells.
Your spell library was empty.

Inventory:

Hand Weapons
 Y - a +0 shortbow (weapon)
Armour
 c - the +0 pair of gloves of Vida (worn) {rC+}
   (You acquired it on level 2 of the Dungeon)

   rC:        It protects you from cold.
 d - a +0 pair of boots (worn)
 f - a +0 ring mail (worn)
Jewellery
 a - the ring "Doumm" (left hand) {rN+ MP+9}
   (You acquired it on level 1 of the Dungeon)

   [ring of positive energy]

   rN:        It protects you from negative energy.
   MP:        It affects your magic capacity (+9).
Potions
 g - a potion of lignification {unknown}
 i - a potion of attraction {unknown}
 k - a potion of haste

Dungeon Overview and Level Annotations

Branches:
Dungeon (4/15)
 Temple: D:4-7

Altars:
Xom
Zin

Shops:
D:3 (

Annotations:
D:3 Eustachio


Message History

The quasit claws you but does no damage. x2
You shoot an arrow. The arrow misses the quasit.
The shadow imp closely misses you.
Eustachio mumbles some strange words.
Eustachio blinks!
The shadow imp misses you. The quasit barely misses you.
The quasit claws you but does no damage.
The quasit barely misses you.
You shoot an arrow. The arrow closely misses the quasit.
The quasit bites you but does no damage.
The quasit closely misses you. The quasit barely misses you.
The shadow imp barely misses you.
The shadow imp hits you but does no damage.
The quasit barely misses you.
The quasit claws you but does no damage.
The quasit barely misses you.
You shoot an arrow. The arrow closely misses the quasit.
The shadow imp barely misses you.
The shadow imp hits you but does no damage.
The quasit bites you.
The quasit claws you but does no damage.
The quasit claws you.
You feel clumsy. The shadow imp hits you.
The shadow imp hits you but does no damage.
You shoot an arrow. The arrow closely misses the quasit.
The quasit bites you but does no damage.
The quasit closely misses you.
The quasit claws you but does no damage.
The quasit bites you but does no damage.
The quasit claws you but does no damage. x2
The shadow imp hits you but does no damage.
Eustachio casts a spell.
Eustachio blinks!
The shadow imp closely misses you.
You shoot an arrow. The arrow hits the quasit.
The quasit is lightly wounded.
The quasit bites you but does no damage.
The quasit closely misses you.
The quasit claws you but does no damage.
The shadow imp misses you. The shadow imp hits you.
You die...

#############
#...........#
#.###.#####.#
########.###.#####.#
####......#.#......##.#
.....####.....#.##.##.#
.....# ###.###5##.##.#
.....# #....5@5@...#
##...# ########.####
.#...# #.<..#
.#_..########## ####.#
A#..###.......# #.#
##..# #.......# #.#
.)..###.......# #.#
......#.......# #.#
.#..#.#.......#######.#


You could see Eustachio, a quasit (summoned) and 2 shadow imps.

Vanquished Creatures
  Sigmund (D:2)
  Ijyb (D:3)
  Terence (D:3)
  4 adders
  3 gnolls (D:3)
  2 worms
  A dart slug (D:3)
  3 orcs (D:3)
  6 ball pythons
  6 bats
  6 endoplasms
  3 giant cockroaches
  13 goblins
  6 hobgoblins
  7 jackals
  6 kobolds
  5 quokkas
  6 frilled lizards
  6 rats
86 creatures vanquished.

Notes
Turn   | Place    | Note
-------+----------+-------------------------------------------
     0 | D:1      | qw the Gargoyle Hunter began the quest for the Orb.
     0 | D:1      | Reached XP level 1. HP: 12/12 MP: 1/1
     0 | D:1      | 0 ||| qw: Version: 0.2-a-29-g511e9b1
     0 | D:1      | 0 ||| qw: Game counter: 87
     0 | D:1      | 0 ||| qw: Always use a shield: true
     0 | D:1      | 0 ||| qw: God list: Okawaru
     0 | D:1      | 0 ||| qw: Allow faded altars: false
     0 | D:1      | 0 ||| qw: Do Orc after D:15 true
     0 | D:1      | 0 ||| qw: Do second Lair branch before Depths: true
     0 | D:1      | 0 ||| qw: Lair rune preference: random
     0 | D:1      | 0 ||| qw: Plans: Normal, Zot:1-4, Slime:5, God:TSO, Crypt,
                  | Tomb, Abyss, Pan, Hells, Win
     0 | D:1      | 0 ||| PLANNING D:1-11
    17 | D:1      | 17 ||| Stepping ~*~*~tactically~*~*~ (water).
    52 | D:1      | Reached XP level 2. HP: 17/17 MP: 2/2
   137 | D:1      | 137 ||| FLEEEEING.
   327 | D:1      | Reached XP level 3. HP: 21/21 MP: 3/3
   478 | D:1      | Reached skill level 5 in Ranged Weapons
   918 | D:1      | 918 ||| UPGRADING to +0 pair of boots.
   923 | D:1      | 923 ||| UPGRADING to +0 ring mail.
   933 | D:1      | 933 ||| DROPPING +0 leather armour.
   934 | D:1      | 934 ||| READING scroll labelled YMUCON FOLEONG.
   935 | D:1      | 935 ||| READING scroll labelled WYLAHU XOCLU.
   936 | D:1      | 936 ||| READING scroll labelled SIRUMA WEZA.
   940 | D:1      | 940 ||| READING scroll labelled CECVONLOILA.
   940 | D:1      | Identified a scroll of acquirement
   940 | D:1      | 940 ||| ACQUIRING ring "Doumm" {rN+ MP+9}
   940 | D:1      | Acquired the ring "Doumm" {rN+ MP+9}
   942 | D:1      | 942 ||| UPGRADING to ring "Doumm" {rN+ MP+9}.
  1012 | D:1      | 1012 ||| DROPPING scroll of butterflies.
  1055 | D:2      | Reached skill level 1 in Armour
  1069 | D:2      | Noticed Sigmund
  1097 | D:2      | HP: 4/22 [something (10)]
  1098 | D:2      | Killed Sigmund
  1099 | D:2      | Reached XP level 4. HP: 6/31 MP: 4/4
  1099 | D:2      | Reached XP level 5. HP: 7/35 MP: 5/5
  1386 | D:2      | 1386 ||| READING scroll of acquirement.
  1386 | D:2      | 1386 ||| ACQUIRING +0 pair of gloves of Vida {rC+}
  1386 | D:2      | Acquired the +0 pair of gloves of Vida {rC+}
  1388 | D:2      | 1388 ||| UPGRADING to +0 pair of gloves of Vida {rC+}.
  1430 | D:2      | Reached XP level 6. HP: 35/40 MP: 6/6
  2121 | D:2      | 2121 ||| READING scroll labelled JOOPLI NEIT.
  2122 | D:2      | 2122 ||| DRINKING 2 sedimented ruby potions.
  2123 | D:2      | 2123 ||| DRINKING 2 fizzy sapphire potions.
  2124 | D:2      | 2124 ||| DROPPING potion of brilliance.
  2223 | D:3      | Noticed an angel
  2224 | D:3      | Found a shimmering altar of Xom.
  2227 | D:3      | Found a glowing silver altar of Zin.
  2229 | D:3      | 2229 ||| READING scroll labelled UFAQYHASUC.
  2306 | D:3      | Noticed Terence
  2316 | D:3      | Killed Terence
  2317 | D:3      | 2317 ||| FLEEEEING.
  2318 | D:3      | 2318 ||| FLEEEEING.
  2319 | D:3      | 2319 ||| FLEEEEING.
  2320 | D:3      | 2320 ||| FLEEEEING.
  2321 | D:3      | 2321 ||| FLEEEEING.
  2322 | D:3      | 2322 ||| FLEEEEING.
  2323 | D:3      | 2323 ||| FLEEEEING.
  2324 | D:3      | 2324 ||| FLEEEEING.
  2325 | D:3      | 2325 ||| FLEEEEING.
  2326 | D:3      | 2326 ||| FLEEEEING.
  2327 | D:3      | 2327 ||| FLEEEEING.
  2328 | D:3      | 2328 ||| FLEEEEING.
  2329 | D:3      | 2329 ||| FLEEEEING.
  2330 | D:3      | 2330 ||| FLEEEEING.
  2331 | D:3      | 2331 ||| FLEEEEING.
  2332 | D:3      | 2332 ||| FLEEEEING.
  2333 | D:3      | 2333 ||| FLEEEEING.
  2334 | D:3      | 2334 ||| FLEEEEING.
  2335 | D:3      | 2335 ||| FLEEEEING.
  2336 | D:3      | 2336 ||| FLEEEEING.
  2337 | D:3      | 2337 ||| FLEEEEING.
  2338 | D:3      | 2338 ||| FLEEEEING.
  2339 | D:3      | 2339 ||| STAIRDANCE
  2470 | D:3      | Found Sephea's Antique Weapon Shop.
  2600 | D:3      | Noticed Ijyb
  2601 | D:3      | 2601 ||| Stepping ~*~*~tactically~*~*~ (outnumbered).
  2612 | D:3      | Reached skill level 6 in Ranged Weapons
  2639 | D:3      | Killed Ijyb
  3060 | D:4      | Noticed Eustachio
  3067 | D:4      | 3067 ||| FLEEEEING.
  3068 | D:4      | 3068 ||| FLEEEEING.
  3082 | D:4      | 3082 ||| FLEEEEING.
  3083 | D:4      | 3083 ||| FLEEEEING.
  3084 | D:4      | 3084 ||| STAIRDANCE
  3107 | D:4      | 3107 ||| STAIRDANCE
  3134 | D:4      | 3134 ||| STAIRDANCE
  3164 | D:4      | 3164 ||| STAIRDANCE
  3175 | D:3      | HP: 10/40 [shadow imp/nerve-wracking pain[Eustachio] (3)]
  3179 | D:3      | HP: 4/40 [quasit[Eustachio] (1)]
  3181 | D:3      | Slain by a shadow imp

Levels and vault maps discovered:
D:1:      sevenhm_arrival_forest_fort_small_4, layout_basic, due_unseen_surprise
D:2:      layout_loops_ring, uniq_sigmund
D:3:      layout_loops_cross, grunt_temple_overflow_order_and_chaos_1,
          serial_shops, nicolae_shop_peninsula, uniq_terence, uniq_ijyb
D:4:      old_forge, layout_layer_cave, nicolae_yredelemnul_corpse_copse,
          serial_demonic, serial_demonic_b, serial_demonic_a, serial_demonic_e,
          serial_demonic_d, uniq_eustachio

Skill      XL: |  1  2  3  4  5  6 |
---------------+-------------------+-----
Ranged Weapons | 5 6 |  6.2
Armour         | 1 |  1.1
Fighting       | 5 |  5.2
Dodging        | |  1.5
Stealth        | |  1.1

Action                     |  1- 3 |  4- 6 || total
---------------------------+-------+-------++-------
   Fire: Shortbow          |   112 |   208 ||   320
    Use: Scroll            |     4 |     3 ||     7
         Potion            |       |     2 ||     2
 Armour: Leather armour    |    12 |       ||    12
         Ring mail         |     6 |   110 ||   116
  Dodge: Dodged            |    27 |   127 ||   154

Table legend:
 A = Non-vault XP
 B = Vault XP
 C = Vault XP percentage of total XP
 D = Non-vault monster count
 E = Vault monster count
 F = Vault count percentage of total count
                 A         B        C        D         E       F
            +---------+---------+-------+---------+---------+-------
      Total |     235 |     286 |  54.9 |      83 |       3 |   3.5
            +---------+---------+-------+---------+---------+-------
        D:1 |      52 |       0 |   0.0 |      32 |       0 |   0.0
        D:2 |      80 |     214 |  72.8 |      25 |       1 |   3.8
        D:3 |     103 |      72 |  41.1 |      26 |       2 |   7.1
            +---------+---------+-------+---------+---------+-------
